 Dungeon Crawl Stone Soup version 0.30-a0-263-ge22c4ad894 (webtiles) character file.

Game seed: 9282818407187186357

82 mopl the Sneak (level 4, -2/29 HPs)
             Began as an Octopode Brigand on Oct 13, 2022.
             Killed from afar by Natasha (19 damage)
             ... with a bolt of light
             ... on level 2 of the Dungeon.
             The game lasted 00:02:17 (1064 turns).

mopl the Sneak (Octopode Brigand)                   Turns: 1064, Time: 00:02:19

Health: -2/29      AC:  1    Str: 10    XL:     4   Next: 43%
Magic:  4/4        EV: 16    Int: 15    God:
Gold:   31         SH:  0    Dex: 13    Spells: 2/3 levels left

rFire   . . .      SeeInvis .    a - +0 dagger (protect)
rCold   . . .      Faith    .    (no shield)
rNeg    . . .      Spirit   .    (helmet restricted)
rPois   .          Reflect  .    (no amulet)
rElec   .          Harm     .    h - +4 ring of evasion
rCorr   .          Rampage  .    (no ring)
Will    .....                    (no ring)
Stlth   ++........               (no ring)
HPRegen 0.24/turn                (no ring)
MPRegen 0.09/turn                (no ring)
                                 (no ring)
                                 (no ring)

@: confused
A: almost no armour, amphibious, 8 rings, camouflage 1, gelatinous body 1,
(nimble swimmer 1), tentacles
a: no special abilities


You were on level 2 of the Dungeon.
You visited 1 branch of the dungeon, and saw 2 of its levels.

You collected 31 gold pieces.

Inventory:

Hand Weapons
 a - a +0 dagger of protection (weapon)
 f - a +0 rapier
 m - a +2 dagger
Missiles
 b - 9 poisoned darts
 c - a curare-tipped dart (quivered)
Jewellery
 h - a +4 ring of evasion (left tentacle)
Scrolls
 d - 2 scrolls of noise {unknown}
 e - a scroll of enchant armour {unknown}
 j - 3 scrolls of identify {unknown}
 k - a scroll of amnesia {unknown}
Potions
 g - a potion of lignification {unknown}
 i - a potion of might {unknown}
 l - 2 potions of curing


   Skills:
 - Level 2.0 Fighting
 + Level 3.0 Short Blades
 + Level 3.1 Throwing
 - Level 1.0 Dodging
 + Level 6.3 Stealth


You had 2 spell levels left.
You knew the following spells:

 Your Spells              Type           Power      Damage    Failure   Level
a - Apportation           Tloc           0%         N/A       26%         1

Your spell library contained the following spells:

 Spells                   Type           Power      Damage    Failure   Level
 Slow                     Hex            0%         N/A       26%         1
 Confusing Touch          Hex            0%         N/A       63%         3
 Vampiric Draining        Necr           0%         2d6       63%         3
 Alistair's Intoxication  Tmut/Pois      0%         N/A       100%        5


Dungeon Overview and Level Annotations

Branches:
Dungeon (2/15)

Altars:

Annotations:
D:2 Natasha


Innate Abilities, Weirdness & Mutations

You cannot wear most types of armour.
You are amphibious.
You can wear up to eight rings at the same time.
Your skin changes colour to match your surroundings (Stealth+).
Your rubbery body absorbs attacks. (AC +1, EV +1)
((You are camouflaged when in or above water. (Stealth+)))
You have tentacles for arms and can constrict up to eight enemies at once.


Message History

You see here a hobgoblin corpse.
You open the door.
A frilled lizard comes into view.
Natasha, Servant of Life and Death comes into view.
She is carrying a wand of light (5).
There is an open door here.
Natasha hisses angrily.
The frilled lizard hisses.
Natasha mumbles some strange words.
You closely miss the frilled lizard. Your grab misses the frilled lizard.
The frilled lizard bites you.
You hit the frilled lizard.
Your weapon exudes an aura of protection.
You kill the frilled lizard!
The white imp gestures at you.
The puff of frost hits you but does no damage.
Natasha zaps a wand.
The bolt of light hits you!
You are confused.
Ouch! That really hurt!
Unknown command.
Okay, then.
It was a potion of curing.
You feel better.
Throw: 3 darts (curare)
Press: ? - help, Q - select action, (/) - cycle Shift-Dir - straight line, f - Natasha
Aim: Natasha, carrying a wand of light (4) (51% to hit)
You throw a curare-tipped dart.
The curare-tipped dart barely misses Natasha.
Natasha casts a spell at you. The magic dart hits you.
Throw: 2 darts (curare)
Press: ? - help, Q - select action, (/) - cycle Shift-Dir - straight line, f/p - Natasha
Aim: Natasha, carrying a wand of light (4) (51% to hit)
You throw a curare-tipped dart. The curare-tipped dart hits Natasha.
Natasha is poisoned.
Natasha convulses.
Natasha seems to slow down.
Natasha is heavily wounded.
The white imp closely misses you.
Natasha zaps a wand.
The bolt of light hits you!!
You are confused.
Ouch! That really hurt!
You die...

.....#.###########.....#
######.#...............######
.......#.....................
.....................†...>...
.......#.....................
#..###.#.....................
#..<##.#.#########'##........
#.#....#.##.........#........
#......#.##(..h†@...#........
#...#..#.##....5....#####.###
#.........#.........# .#
#......#..#.........# #
##.....#............#
......[..............
.......#....#.####....
...#........#. ....#
####..##.##.


You could see Natasha (very poisoned, slow) and a white imp (summoned).

Vanquished Creatures
  Robin (D:2)
  An adder (D:2)
  A gnoll (D:1)
  A worm (D:2)
  3 ball pythons (D:1)
  2 endoplasms
  3 giant cockroaches (D:1)
  10 goblins
  10 hobgoblins
  2 jackals (D:1)
  A quokka (D:1)
  A bat (D:1)
  4 frilled lizards
  2 kobolds (D:1)
  6 rats
48 creatures vanquished.

Notes
Turn   | Place    | Note
-------+----------+-------------------------------------------
     0 | D:1      | mopl the Octopode Brigand began the quest for the Orb.
     0 | D:1      | Reached XP level 1. HP: 14/14 MP: 1/1
    36 | D:1      | You fall into a shaft and drop 1 floor!
   181 | D:1      | Reached XP level 2. HP: 19/19 MP: 2/2
   282 | D:1      | Found a faded altar of an unknown god.
   361 | D:1      | Reached XP level 3. HP: 24/24 MP: 3/3
   796 | D:2      | Learned a level 1 spell: Apportation
   822 | D:2      | Reached skill level 6 in Stealth
   976 | D:2      | Reached XP level 4. HP: 28/29 MP: 4/4
   995 | D:2      | Noticed Robin
  1028 | D:2      | Killed Robin
  1029 | D:2      | Reached skill level 3 in Throwing
  1033 | D:2      | Reached skill level 3 in Short Blades
  1057 | D:2      | Noticed Natasha
  1064 | D:2      | Killed from afar by Natasha

Illustrated notes

Levels and vault maps discovered:
D:1:      lightli_arrival_flooded_house, layout_basic,
          ebering_ecumenical_altar_sacrificial
D:2:      layout_basic, uniq_robin, uniq_natasha, uniq_jessica

Skill      XL: |  1  2  3  4 |
---------------+-------------+-----
Stealth        | 6 |  6.3
Throwing       | 3 |  3.1
Short Blades   | 3 |  3.0
Fighting       | |  2.0
Dodging        | |  1.0

Action                   |  1- 3 |  4- 6 || total
-------------------------+-------+-------++-------
Melee: Rapier            |    48 |     6 ||    54
       Dagger            |     2 |    23 ||    25
       Constrict         |     8 |     5 ||    13
       Tentacles         |     6 |     9 ||    15
       Punch             |     1 |       ||     1
Throw: Dart              |       |     2 ||     2
  Use: Potion            |       |     1 ||     1
 Stab: Sleeping          |    18 |       ||    18
Armor: Skin              |       |     6 ||     6
Dodge: Dodged            |    28 |    15 ||    43

Table legend: (Time is in decaauts)
 A = Elapsed time spent in this place.
 B = Non-inter-level travel time spent in this place.
 C = Inter-level travel time spent in this place.
 D = Time resting spent in this place.
 E = Time spent auto-exploring this place.
 F = Levels seen in this place.
 G = Mean time per level.
                   A        B        C        D        E       F      G
               +--------+--------+--------+--------+--------+-----+--------+
         Total |   1062 |   1027 |     35 |      0 |    710 |   2 |  531.0 |
       Dungeon |   1062 |   1027 |     35 |      0 |    710 |   2 |  531.0 |
               +--------+--------+--------+--------+--------+-----+--------+

Top non-repeatable levels by time:
     D:1: 773 daAuts
     D:2: 289 daAuts
